 Dungeon Crawl Stone Soup version 0.29.1 (webtiles) character file.

Game seed: 9939111380637763716

849 raistware the Thaumaturge (level 8, -6/46 HPs)
             Began as an Octopode Conjurer on Sept 14, 2022.
             Shot with an arrow by a centaur (11 damage)
             ... on level 6 of the Dungeon.
             The game lasted 00:14:15 (5599 turns).

raistware the Thaumaturge (Octopode Conjurer)       Turns: 5599, Time: 00:14:15

Health: -6/46      AC:  1    Str:  6    XL:     8   Next: 1%
Magic:  4/20       EV: 13    Int: 23    God:
Gold:   229        SH:  0    Dex: 10    Spells: 17/23 levels left

rFire   . . .      SeeInvis .   j - +0 short sword (drain)
rCold   . . .      Faith    .   (no shield)
rNeg    + . .      Spirit   .   (helmet restricted)
rPois   .          Reflect  .   (no amulet)
rElec   .          Harm     .   p - ring of positive energy
rCorr   .          Rampage  .   (no ring)
Will    .....                   (no ring)
Stlth   +++.......              (no ring)
HPRegen 0.15/turn               (no ring)
MPRegen 0.17/turn               (no ring)
                                (no ring)
                                (no ring)

@: lethally poisoned (-6 -> -13)
A: almost no armour, amphibious, 8 rings, camouflage 1, gelatinous body 1,
(nimble swimmer 1), tentacles
a: no special abilities


You were on level 6 of the Dungeon.
You visited 1 branch of the dungeon, and saw 6 of its levels.
You also visited: Sewer.

You collected 229 gold pieces.

Inventory:

Hand Weapons
 j - a +0 short sword of draining (weapon)
 n - a +2 whip of flaming
Missiles
 k - 7 poisoned darts
Jewellery
 p - a ring of positive energy (left tentacle)
 t - a ring of fire
Wands
 s - a wand of charming (5)
Scrolls
 b - 3 scrolls of fear {unknown}
 d - a scroll of torment {unknown}
 f - 4 scrolls of identify {unknown}
 h - a scroll of amnesia {unknown}
 l - 4 scrolls of teleportation {unknown}
 q - a scroll of magic mapping {unknown}
 u - a scroll of enchant weapon {unknown}
 v - a scroll of vulnerability {unknown}
 w - a scroll of brand weapon {unknown}
 x - a scroll of poison {unknown}
Potions
 a - a potion of resistance {unknown}
 c - a potion of berserk rage {unknown}
 e - 2 potions of lignification
 g - a potion of brilliance {unknown}
 i - a potion of might {unknown}
 m - a potion of heal wounds {unknown}
 o - a potion of degeneration {unknown}
 r - a potion of mutation {unknown}


   Skills:
 + Level 2.0 Dodging
 - Level 2.6 Stealth
 - Level 8.0 Spellcasting
 - Level 4.0 Conjurations
 - Level 2.0 Translocations


You had 17 spell levels left.
You knew the following spells:

 Your Spells              Type           Power      Damage    Failure   Level
a - Magic Dart            Conj           100%       1d8       1%          1
b - Iskenderun's Mystic   Conj/Tloc      23%        2d6       21%         4
z - Apportation           Tloc           36%        N/A       3%          1

Your spell library contained the following spells:

 Spells                   Type           Power      Damage    Failure   Level
 Searing Ray              Conj           54%        2d6       1%          2
 Necrotise                Necr           36%        1d5       7%          1
 Summon Small Mammal      Summ           36%        N/A       7%          1
 Dazzling Flash           Conj/Hex       36%        N/A       9%          3
 Fulminant Prism          Conj/Hex       9%         3d7       30%         4


Dungeon Overview and Level Annotations

Branches:
Dungeon (6/15)              Sewer (visited)
 Temple: D:4-7

Altars:
Dithmenos
Hepliaklqana
Makhleb
Ru
Trog
Uskayaw

Annotations:
D:4 2 transporters, windycow's ghost, novice DsHu


Innate Abilities, Weirdness & Mutations

You cannot wear most types of armour.
You are amphibious.
You can wear up to eight rings at the same time.
Your skin changes colour to match your surroundings (Stealth+).
Your rubbery body absorbs attacks. (AC +1, EV +1)
((You are camouflaged when in or above water. (Stealth+)))
You have tentacles for arms and can constrict up to eight enemies at once.


Message History

Casting: Magic Dart (safe; 1% risk of failure)
Confirm with . or Enter, or press ? or * to list all spells.
The spell is quite dangerous to miscast (22% risk of failure)!
Continue anyway?
You erupt in a blast of force!
The mystic blast hits the orc.
The orc is heavily wounded.
The orc is knocked back by the mystic blast.
The mystic blast hits the water moccasin.
The water moccasin is almost dead.
The water moccasin is knocked back by the mystic blast.
The water moccasin collides with the orc!
You kill the orc!
The water moccasin is almost dead.
You feel very sick.
Unknown command.
The magic dart hits the water moccasin.
The water moccasin is almost dead.
You feel very sick. The water moccasin misses you.
The water moccasin bites you.
Casting: Magic Dart (safe; 1% risk of failure)
Confirm with . or Enter, or press ? or * to list all spells.
The spell is quite dangerous to miscast (22% risk of failure)!
Continue anyway?
You erupt in a blast of force!
The mystic blast hits the water moccasin!
You kill the water moccasin!
You feel very sick.
The centaur wields a +0 shortbow.
The centaur shoots an arrow.
The arrow hits you!
* * * LOW HITPOINT WARNING * * *
Training target 8.0 for Spellcasting reached!
Your Spellcasting skill increases to level 8!
You need to enable at least one skill for training.
You have reached level 8!
Aiming: Charm
Press: ? - help, Shift-Dir - straight line, f - centaur
Aim: a centaur, wielding a +0 shortbow and quivering poisoned darts (chance to affect: 49%)
The centaur resists with some effort.
* * * LOW HITPOINT WARNING * * *
You feel very sick.
The centaur shoots an arrow.
The arrow hits you!
You die...

..# #.# .... .#
.... .# ##..# #.##
c... ...# #.)#
...# #..# .## <..#
#..# ....# ####
#.@# ....# ..#
#..# #.#.# #.#
#..# #.#.# #.#
#..# #.#.# #.#
#..# #.#.#
#.#############..#
#.#.##
...........#.....#
####..#.###
..########.#.###.#
#....###... #.#
#.#.#
#.######.##..#.###


You could see a centaur.

Vanquished Creatures
  A water moccasin (D:6)
  A black bear (D:6)
  Pargi (Sewer)
  A phantom (D:4)
  A bullfrog (D:6)
  A scorpion (D:5)
  A hound (D:6)
  2 jellies (D:4)
  Jessica (D:3)
  An iguana (D:6)
  3 orc wizards
  4 adders
  A shadow imp (D:6)
  A white imp (D:5)
  An ufetubus (D:5)
  A worm (D:4)
  3 dart slugs
  10 orcs
  6 ball pythons
  8 endoplasms
  4 giant cockroaches
  3 goblins
  3 hobgoblins (D:1)
  7 quokkas
  6 bats
  4 frilled lizards
  9 kobolds
  3 rats
88 creatures vanquished.

Vanquished Creatures (others)
  10 plants
10 creatures vanquished.

Grand Total: 98 creatures vanquished

Notes
Turn   | Place    | Note
-------+----------+-------------------------------------------
     0 | D:1      | raistware the Octopode Conjurer began the quest for the
                  | Orb.
     0 | D:1      | Reached XP level 1. HP: 11/11 MP: 3/3
   193 | D:1      | Reached XP level 2. HP: 17/17 MP: 0/5
   835 | D:1      | Reached skill level 3 in Spellcasting
   973 | D:2      | You fall into a shaft and drop 1 floor!
  1016 | D:3      | Reached XP level 3. HP: 19/19 MP: 1/7
  1112 | D:3      | Found a bloodstained altar of Trog.
  1197 | D:3      | Reached skill level 4 in Spellcasting
  1197 | D:3      | Reached XP level 4. HP: 17/27 MP: 5/10
  1202 | D:3      | Learned a level 4 spell: Iskenderun's Mystic Blast
  1495 | D:3      | Found a glowing drain.
  1531 | Sewer    | Entered a sewer
  1680 | Sewer    | Noticed Pargi
  1707 | Sewer    | Killed Pargi
  1708 | Sewer    | Reached XP level 5. HP: 8/31 MP: 1/12
  2860 | D:3      | Found a hazy altar of Hepliaklqana.
  2861 | D:3      | Found a faded altar of an unknown god.
  2861 | D:3      | Noticed Jessica
  2865 | D:3      | Killed Jessica
  2866 | D:3      | Reached skill level 5 in Spellcasting
  2866 | D:3      | Reached XP level 6. HP: 36/36 MP: 13/13
  2938 | D:3      | Found a hide-covered altar of Uskayaw.
  3328 | D:4      | Found a transporter.
  3351 | D:4      | Noticed windycow's ghost (novice DsHu)
  3365 | D:4      | Found a transporter.
  3550 | D:4      | Found a sacrificial altar of Ru.
  3733 | D:4      | Reached skill level 6 in Spellcasting
  3893 | D:4      | Found a burning altar of Makhleb.
  4068 | D:5      | Entered Level 5 of the Dungeon
  4074 | D:5      | Reached XP level 7. HP: 41/41 MP: 11/16
  4270 | D:5      | Learned a level 1 spell: Apportation
  5233 | D:6      | Found a shadowy altar of Dithmenos.
  5257 | D:6      | Reached skill level 7 in Spellcasting
  5599 | D:6      | Reached skill level 8 in Spellcasting
  5599 | D:6      | Reached XP level 8. HP: 8/46 MP: 4/20
  5599 | D:6      | Shot with an arrow by a centaur

Illustrated notes

Levels and vault maps discovered:
D:1:      nicolae_arrival_somewhat_less_tricky_arrival, layout_basic
D:2:      wad_pebble_path, layout_basic, nicolae_underground_beach
D:3:      layout_rooms, nicolae_uskayaw_dance_hall, amcnicky_altar_gilded,
          beargit_hepliaklqana_dungeon_heroes, portal_sewer_entry_f
D:4:      layout_basic, marbit_many_paths, nicolae_ru_awakened_eye,
          gammafunk_ghost_gnarly_gnolls
D:5:      layout_basic
D:6:      layout_loops_ring, grunt_dithmenos_smoke,
          mainiacjoe_overflow_chevrons, minmay_temple_entry_statues_fountains

Skill      XL: |  1  2  3  4  5  6  7 |
---------------+----------------------+-----
Spellcasting   | 3 4 5 6 8 |  8.0
Translocations | 2 |  2.0
Dodging        | |  2.0
Stealth        | |  2.6
Conjurations   | |  4.0

Action                   |  1- 3 |  4- 6 |  7- 9 || total
-------------------------+-------+-------+-------++-------
Melee: Unarmed           |     3 |       |       ||     3
       Short sword       |    12 |    19 |    17 ||    48
       Constrict         |     3 |     5 |     6 ||    14
       Tentacles         |     2 |     5 |     5 ||    12
Throw: Dart              |       |     3 |     5 ||     8
 Cast: Magic Dart        |    51 |    97 |    45 ||   193
       Iskenderun's Myst |       |       |     7 ||     7
Evoke: Wand              |       |       |     4 ||     4
  Use: Potion            |       |       |     2 ||     2
 Stab: Sleeping          |       |     9 |     1 ||    10
Armor: Skin              |     1 |     3 |     7 ||    11
Dodge: Dodged            |     8 |    20 |    17 ||    45
